 Dungeon Crawl Stone Soup version 0.30-b1-2-g02819fbbbe (webtiles) character file.

Game seed: 11135145865236500951

11695 raph the Tainter (level 11, -16/48 HPs)
             Began as a Felid Venom Mage on Oct 14, 2023.
             Was an Elder of Sif Muna.
             Demolished by Snorg (20 damage)
             ... on level 5 of the Lair of Beasts on Oct 15, 2023.
             The game lasted 00:39:44 (19562 turns).

raph the Tainter (Felid Venom Mage)                Turns: 19562, Time: 00:39:44

Health: -16/48     AC:  2    Str:  4    XL:     11   Next: 52%
Magic:  27/32      EV: 22    Int: 20    God:    Sif Muna [****..]
Gold:   670        SH:  0    Dex: 18    Spells: 1/24 levels left
                                        Lives:  0   Deaths: 3

rFire   + . .        (weapon unavailable)
rCold   x . .        (shield unavailable)
rNeg    . . .        (body armour unavailable)
rPois   .            (helmet unavailable)
rElec   .            (cloak unavailable)
rCorr   .            (gloves unavailable)
SInv    +            (boots unavailable)
Will    +....        (no amulet)
Stlth   ++++         b - ring of magical power
HPRegen 0.28/turn    x - ring of fire
MPRegen 0.23/turn

%: no passive effects
@: brilliant, very slightly contaminated, hasted, very quick
A: very small, claws 1, fangs 3, see invisible, speed 1, shaggy fur 2, stealthy
paws, no weapons or thrown items, no armour, multi-lived
a: Renounce Religion, Channel Magic, Forget Spell, Divine Exegesis


You were on level 5 of the Lair of Beasts.
You worshipped Sif Muna.
Sif Muna was greatly pleased with you.
You visited 2 branches of the dungeon, and saw 13 of its levels.

You collected 670 gold pieces.

Inventory:

Jewellery
 b - a ring of magical power (left paw)
 h - a ring of magical power
 s - a ring of flight
 x - a ring of fire (right paw)
 y - a ring of resist corrosion
Wands
 p - a wand of flame (14)
 q - a wand of polymorph (4)
 r - a wand of charming (6)
 t - a wand of iceblast (12)
 u - a wand of digging (5)
 D - a wand of mindburst (4)
Scrolls
 e - 4 scrolls of magic mapping
 i - a scroll of fear
 n - 4 scrolls of teleportation
 v - a scroll of fog
 E - a scroll of amnesia
 G - 2 scrolls of identify
 H - a scroll of enchant weapon {unknown}
Potions
 a - 4 potions of lignification
 c - 3 potions of curing
 d - 5 potions of heal wounds
 f - 3 potions of berserk rage
 g - 5 potions of flight
 j - a potion of brilliance
 k - 2 potions of magic
 l - a potion of haste
 m - 2 potions of invisibility
 o - 2 potions of might
 w - 3 potions of attraction
 z - 2 potions of ambrosia
 A - a potion of mutation
 B - a potion of resistance
Miscellaneous
 C - a lightning rod (3/4)
 F - a box of beasts


   Skills:
 - Level 5.4 Fighting
 - Level 7.8 Dodging
 - Level 8.4 Stealth
 - Level 7.3 Spellcasting
 + Level 6.7 Conjurations
 - Level 3.2 Hexes
 - Level 3.2 Translocations
 - Level 6.0 Transmutations
 + Level 6.5 Fire Magic
 - Level 4.3 Air Magic
 - Level 9.3 Poison Magic
 - Level 5.1 Invocations


You had one spell level left.
You knew the following spells:

 Your Spells              Type           Power      Damage    Failure   Level
a - Sting                 Tmut/Pois      100%       1d8       1%          1
b - Fireball              Conj/Fire      33%        3d14      16%         5
c - Mephitic Cloud        Conj/Pois/Air  51%        N/A       1%          3
d - Olgreb's Toxic Radia  Pois           61%        N/A       1%          4
e - Ignite Poison         Fire/Tmut/Pois 70%        N/A       1%          3
f - Sticky Flame          Conj/Fire      66%        2d8       6%          4
g - Dazzling Flash        Conj/Hex       82%        N/A       3%          3

Your spell library contained the following spells:

 Spells                   Type           Power      Damage    Failure   Level
 Foxfire                  Conj/Fire      100%       2x1d9     1%          1
 Kiss of Death            Conj/Necr      100%       2d13      2%          1
 Poisonous Vapours        Pois/Air       100%       N/A       1%          2
 Static Discharge         Conj/Air       88%        2-6/arc   1%          2
 Inner Flame              Hex/Fire       57%        N/A       3%          3
 Volatile Blastmotes      Fire/Tloc      100%       2d18      3%          3
 Flame Wave               Conj/Fire      66%        2d15      6%          4
 Gell's Gravitas          Tloc           30%        N/A       7%          3
 Teleport Other           Tloc           30%        N/A       7%          3
 Confusing Touch          Hex            30%        N/A       8%          3
 Iskenderun's Mystic Bla  Conj/Tloc      41%        2d9       12%         4
 Sublimation of Blood     Necr           11%        N/A       14%         2
 Airstrike                Air            18%        2d(3-19)  16%         4
 Irradiate                Conj/Tmut      24%        3d19      19%         5
 Blade Hands              Tmut           23%        N/A       22%         5
 Petrify                  Tmut/Erth      29%        N/A       26%         4
 Summon Lightning Spire   Summ/Air       24%        N/A       36%         4
 Yara's Violent Unravell  Hex/Tmut       19%        3d9       36%         5
 Dispel Undead            Necr           11%        3d9       65%         4
 Starburst                Conj/Fire      33%        6d10      65%         6
 Metabolic Englaciation   Hex/Ice        10%        N/A       78%         5
 Plasma Beam              Fire/Air       30%        2x1d47    83%         6
 Dispersal                Tloc           15%        N/A       98%         6
 Iron Shot                Conj/Erth      15%        9d4       98%         6
 Statue Form              Tmut/Erth      19%        N/A       99%         6
 Enfeeble                 Hex            15%        N/A       100%        7
 Ignition                 Fire           33%        3d10      100%        8
 Animate Armour           Summ/Erth      Unusable   N/A       N/A         4

Dungeon Overview and Level Annotations

Branches:
Dungeon (8/15)             Temple (0/1) D:7            Lair (5/5) D:8
  Swamp (0/4) Lair:3        Snake (0/4) Lair:2        Slime (0/5) Lair:4

Altars:
Ashenzari
Elyvilon
Gozag
Kikubaaqudgha
Nemelex Xobeh
Okawaru
Ru
Sif Muna
Xom
The Shining One

Shops:
D:7 *   D:8 :

Annotations:
Lair:4 1 runed translucent door
Lair:5 Snorg


Innate Abilities, Weirdness & Mutations

You have sharp claws.
You have razor-sharp teeth.
You have supernaturally acute eyesight. (SInv)
You cover ground quickly. (Speed+)
You are covered in thick fur. (AC +2)
Your paws help you pounce on unaware monsters.
You are incapable of wielding weapons or throwing items.
You cannot wear armour.
You gain extra lives every three experience levels.


Message History

The fireball engulfs the yak!!
The yak is severely wounded.
The fireball engulfs Snorg!!
Snorg is moderately wounded.
You hear a bleat!
Aiming: Thunderbolt
Press: ? - help, Shift-Dir - straight line, f - Snorg
Aim: Snorg (moderately wounded, berserk, poisoned)
The thunderbolt hits Snorg!
Snorg is moderately wounded.
The thunderbolt hits the cane toad!!
You kill the cane toad!
Sif Muna accepts your kill.
Snorg looks even sicker.
Magic courses through your body.
The komodo dragon is poisoned.
The yak looks even sicker.
You feel clever all of a sudden.
Your toxic aura wanes.
Casting: Fireball (quite dangerous; 17% risk of failure)
Confirm with . or Enter, or press ? or * to list all spells.
Aiming: Fireball (quite dangerous; 17% risk of failure)
Press: ? - help, Shift-Dir - straight line, f/p - Snorg
Aim: Snorg (moderately wounded, berserk, very poisoned)
You feel a strong surge of power!
The fireball explodes!
The fireball engulfs Snorg!
Snorg is heavily wounded.
The fireball engulfs the yak!
You kill the yak!
Sif Muna accepts your kill.
Casting: Fireball (quite dangerous; 16% risk of failure)
Confirm with . or Enter, or press ? or * to list all spells.
Aiming: Sticky Flame (dangerous; 6% risk of failure)
Press: ? - help, Shift-Dir - straight line, f/p - Snorg
Aim: Snorg (heavily wounded, berserk, very poisoned)
You feel a strong surge of power!
The sticky flame hits Snorg.
Snorg is heavily wounded.
Snorg is covered in liquid flames!
Snorg burns!
Snorg bites you!!
Ouch! That really hurt!
* * * LOW HITPOINT WARNING * * *
Snorg misses you. Snorg claws you!!
You die...

.......#.....!.#...P.#
........##l.....#....
#................#
.#......l.).....#.#
#..#...<.......<...#
#..........#..#.##
#........###.P###
#......T.# #.##
#....P.P.@.# ###
######....## ##.#..
######


You could see Snorg (berserk, burning, very poisoned), a komodo dragon
(poisoned) and a basilisk.

Vanquished Creatures
  Urug (Lair:5)
  3 skysharks
  An elephant (D:8)
  8 cane toads
  3 rime drakes
  5 komodo dragons
  A polar bear (Lair:4)
  6 dream sheep (Lair:3)
  19 blink frogs
  21 yaks
  2 wyverns (D:8)
  A steam dragon (D:6)
  3 basilisks
  A swamp worm (Lair:3)
  7 water moccasins
  3 black bears
  An orc warrior (D:7)
  3 ice beasts
  A sky beast (D:6)
  2 centaurs
  8 wolves
  2 phantoms
  A kobold brigand (D:7)
  Blork the orc (D:5)
  18 bullfrogs
  A gnoll sergeant (D:7)
  3 scorpions
  5 wights (D:8)
  A howler monkey (D:7)
  3 hounds
  7 orc priests
  3 gnoll boudas
  5 jellies
  A sleepcap (D:6)
  2 orc wizards
  4 iguanas
  Robin (D:2)
  21 gnolls
  6 adders
  2 shadow imps
  2 white imps (D:7)
  An ufetubus (D:6)
  2 worms
  5 dart slugs
  24 orcs
  8 endoplasms
  A giant cockroach (D:1)
  18 goblins
  8 hobgoblins
  5 jackals (D:1)
  9 kobolds
  A quokka (D:3)
  9 ball pythons
  5 bats
  A frilled lizard (D:1)
  A goblin skeleton (D:8)
  2 hobgoblin zombies (D:8)
  A kobold zombie (D:8)
  3 orc skeletons (D:8)
  5 rats
298 creatures vanquished.

Vanquished Creatures (others)
  A human (D:4)
  16 fungi
  30 plants
47 creatures vanquished.

Grand Total: 345 creatures vanquished

Notes
Turn   | Place    | Note
-------+----------+-------------------------------------------
     0 | D:1      | raph the Felid Venom Mage began the quest for the Orb.
     0 | D:1      | Reached XP level 1. HP: 7/7 MP: 4/4
    84 | D:1      | Reached skill level 3 in Poison Magic
   112 | D:1      | Reached XP level 2. HP: 11/11 MP: 3/6
   234 | D:1      | Learned a level 2 spell: Poisonous Vapours
   312 | D:1      | Reached XP level 3. HP: 3/14 MP: 2/7
  1612 | D:2      | Reached skill level 4 in Poison Magic
  1612 | D:2      | Reached XP level 4. HP: 18/18 MP: 9/9
  1680 | D:2      | Learned a level 3 spell: Mephitic Cloud
  2136 | D:2      | Noticed Robin
  2156 | D:2      | Killed Robin
  2863 | D:3      | Found a sacrificial altar of Ru.
  2895 | D:3      | Found a shimmering blue altar of Sif Muna.
  2901 | D:3      | Found a shimmering altar of Xom.
  2910 | D:3      | Reached skill level 1 in Conjurations
  2910 | D:3      | Reached XP level 5. HP: 9/21 MP: 10/10
  3009 | D:3      | Became a worshipper of Sif Muna the Loreminder
  3268 | D:3      | Found a sparkling altar of Nemelex Xobeh.
  3348 | D:3      | Reached skill level 1 in Air Magic
  3712 | D:3      | Learned a level 4 spell: Olgreb's Toxic Radiance
  4173 | D:4      | Gained mutation: You are covered in thick fur. (AC +2)
                  | [Felid growth]
  4173 | D:4      | Reached XP level 6. HP: 24/24 MP: 12/12
  4188 | D:4      | Reached skill level 5 in Poison Magic
  4519 | D:4      | Found a broken altar of Ashenzari.
  4661 | D:4      | Found an ancient bone altar of Kikubaaqudgha.
  4661 | D:4      | Noticed a human
  4665 | D:4      | Killed a human
  4955 | D:4      | Found an iron altar of Okawaru.
  4970 | D:5      | Entered Level 5 of the Dungeon
  5399 | D:5      | Identified a scroll of acquirement
  5399 | D:5      | Acquired a book of Misfortune
  5416 | D:5      | Noticed Blork the orc
  5449 | D:5      | Killed Blork the orc
  5450 | D:5      | Reached XP level 7. HP: 8/27 MP: 13/13
  6025 | D:5      | Reached * piety under Sif Muna
  6057 | D:5      | Learned a level 3 spell: Ignite Poison
  6627 | D:5      | Reached skill level 6 in Poison Magic
  6823 | D:6      | Reached skill level 1 in Fighting
  6993 | D:6      | Reached XP level 8. HP: 32/32 MP: 15/15
  7009 | D:6      | Reached skill level 1 in Fire Magic
  8070 | D:7      | Reached skill level 1 in Invocations
  8238 | D:7      | Found a staircase to the Ecumenical Temple.
  8553 | D:7      | Found a white marble altar of Elyvilon.
  9139 | D:7      | Reached ** piety under Sif Muna
  9151 | D:7      | Reached XP level 9. HP: 23/36 MP: 16/16
  9364 | D:7      | Learned a level 4 spell: Sticky Flame
  9518 | D:7      | Found Kuell's General Store.
  9671 | D:7      | Reached skill level 7 in Poison Magic
  9789 | D:7      | Reached skill level 5 in Stealth
 10145 | D:8      | Found a glowing golden altar of the Shining One.
 10562 | D:8      | Noticed an elephant
 11178 | D:8      | Killed an elephant
 11179 | D:8      | Reached skill level 5 in Dodging
 11179 | D:8      | Reached skill level 5 in Spellcasting
 11543 | D:8      | Reached *** piety under Sif Muna
 11545 | D:8      | Identified the +3 ring mail of the Desert {Regen+}
 11762 | D:8      | Identified the staff of air "Qecuoll" {rElec Dex+2 SInv
                  | Stlth+}
 11767 | D:8      | Found a staircase to the Lair.
 11773 | D:8      | Reached XP level 10. HP: 42/42 MP: 18/18
 11824 | D:8      | Found Komaokuz's Vocational Training.
 12147 | D:8      | Found an opulent altar of Gozag.
 12308 | Lair:1   | Entered Level 1 of the Lair of Beasts
 12308 | Lair:1   | Noticed a cane toad
 12326 | Lair:1   | HP: 2/42 [poisoned by a water moccasin]
 12326 | Lair:1   | Slain by a water moccasin
 12327 | Lair:1   | Reached XP level 9. HP: -4/38 MP: 23/35
 12658 | Lair:1   | Noticed a cane toad
 12665 | Lair:1   | Killed a cane toad
 12950 | Lair:1   | Noticed a cane toad
 12958 | Lair:1   | Killed a cane toad
 12959 | Lair:1   | Reached skill level 8 in Poison Magic
 13339 | Lair:1   | Noticed a cane toad
 13351 | Lair:1   | Killed a cane toad
 13352 | Lair:1   | Reached XP level 10. HP: 18/42 MP: 19/19
 13649 | Lair:1   | Killed a cane toad
 14046 | Lair:2   | Found a staircase to the Snake Pit.
 14091 | Lair:2   | Noticed a skyshark
 14626 | Lair:2   | Mangled by a skyshark
 14627 | Lair:2   | Reached XP level 9. HP: -6/39 MP: 23/37
 14627 | Lair:2   | Killed a skyshark
 14628 | Lair:2   | Reached skill level 5 in Transmutations
 14636 | Lair:2   | Noticed a rime drake
 14640 | Lair:2   | Killed a rime drake
 14700 | Lair:2   | Reached XP level 10. HP: 26/43 MP: 16/20
 15835 | Lair:3   | Learned a level 3 spell: Dazzling Flash
 16051 | Lair:3   | Reached skill level 1 in Hexes
 16051 | Lair:3   | Reached skill level 1 in Translocations
 16178 | Lair:3   | Noticed a cane toad
 16188 | Lair:3   | Killed a cane toad
 16360 | Lair:3   | Reached skill level 5 in Fighting
 16360 | Lair:3   | Reached skill level 9 in Poison Magic
 16369 | Lair:3   | Reached XP level 11. HP: 11/47 MP: 22/22
 16682 | Lair:3   | Noticed a skyshark
 16705 | Lair:3   | Reached **** piety under Sif Muna
 16712 | Lair:3   | Slain by a skyshark
 16713 | Lair:3   | Reached XP level 10. HP: -4/44 MP: 13/39
 16785 | Lair:3   | Reached skill level 5 in Invocations
 16935 | Lair:3   | Found a staircase to the Swamp.
 17255 | Lair:3   | Learned a level 5 spell: Fireball
 17623 | Lair:3   | Killed a skyshark
 17623 | Lair:3   | Noticed a cane toad
 17624 | Lair:3   | Reached skill level 5 in Conjurations
 17706 | Lair:3   | Killed a cane toad
 18048 | Lair:4   | Reached skill level 5 in Fire Magic
 18048 | Lair:4   | Reached XP level 11. HP: 48/48 MP: 23/23
 18079 | Lair:4   | Noticed a skyshark
 18090 | Lair:4   | Killed a skyshark
 18698 | Lair:4   | Found a staircase to the Slime Pits.
 18767 | Lair:4   | Found a runed translucent door.
 19158 | Lair:5   | Entered Level 5 of the Lair of Beasts
 19526 | Lair:5   | Noticed Urug
 19533 | Lair:5   | Noticed Snorg
 19554 | Lair:5   | Killed Urug
 19562 | Lair:5   | Demolished by Snorg

Illustrated notes

Levels and vault maps discovered:
D:1:      erik_arrival_orb_chamber, layout_basic, nicolae_grassy_gnolls
D:2:      layout_loops_ring, uniq_robin
D:3:      layout_basic, nemelex_dance_club_becter,
          mainiacjoe_overflow_catwalk_spiral, old_standard_altar
D:4:      layout_cave_pools, tgw_kikubaaqudgha, lemuel_round_altar,
          general_overflow_altar
D:5:      layout_gridville, uniq_blork_the_orc
D:6:      layout_basic, serial_glass, glass_columns_a, glass_columns_a,
          glass_columns_c, glass_columns_c, kennysheep_cross_bottleneck
D:7:      kennysheep_spiral_hall, layout_loops_ring,
          mainiacjoe_overflow_brackets, temple_statues, kennysheep_diamond,
          minmay_parallelograms, kennysheep_small_square
D:8:      hellmonk_destroyed_diamonds, layout_loops_ring,
          mainiacjoe_overflow_alcove_4, nicolae_tso_besieged_by_evil,
          david_lair_generic, corexii_leaking_fountain, nicolae_shop_vocational
Lair:1:   layout_roguey
Lair:2:   layout_regular_city, dummy_snake_entry
Lair:3:   layout_cave_pods, minmay_swamp_entry_worms
Lair:4:   dreamdust_labyrinth, layout_hall_layers,
          nicolae_slime_entry_field_trip, beast_lair_carwin_9
Lair:5:   wormcave, layout_cave_shapes, hangedman_lair_caniforms_friends,
          infiniplex_staircase_pool_2, lemuel_fruit_tree, lemuel_fruit_fields,
          uniq_urug, uniq_snorg, uniq_nessos

Skill      XL: |  1  2  3  4  5  6  7  8  9 10 11 |
---------------+----------------------------------+-----
Poison Magic   | 3 4 5 6 8 9 |  9.3
Spellcasting   | 3 4 5 6 7 |  7.3
Conjurations   | 1 2 3 4 5 6 |  6.7
Air Magic      | 1 2 3 4 |  4.3
Stealth        | 3 4 5 7 8 |  8.4
Dodging        | 3 4 6 7 |  7.8
Fighting       | 1 2 4 5 |  5.4
Fire Magic     | 2 4 5 6 |  6.5
Transmutations | 2 5 6 |  6.0
Invocations    | 1 2 5 |  5.1
Hexes          | 3 |  3.2
Translocations | 3 |  3.2

Action                     |  1- 3 |  4- 6 |  7- 9 | 10-12 || total
---------------------------+-------+-------+-------+-------++-------
  Melee: Unarmed           |     8 |     8 |    79 |    35 ||   130
         Bite              |     1 |       |    14 |     5 ||    20
         Punch             |       |       |     2 |       ||     2
   Cast: Sting             |    58 |    88 |    66 |    31 ||   243
         Poisonous Vapours |    13 |    56 |    19 |     1 ||    89
         Mephitic Cloud    |       |     8 |    51 |    37 ||    96
         Olgreb's Toxic Ra |       |    11 |    63 |    45 ||   119
         Ignite Poison     |       |       |    29 |    16 ||    45
         Sticky Flame      |       |       |     5 |    27 ||    32
         Dazzling Flash    |       |       |       |    10 ||    10
         Fireball          |       |       |       |    13 ||    13
 Invoke: Channel Magic     |       |       |       |     1 ||     1
  Evoke: Wand              |       |       |       |     2 ||     2
         Lightning rod     |       |       |       |     1 ||     1
    Use: Potion            |     1 |       |       |     8 ||     9
         Scroll            |     3 |    12 |     6 |     5 ||    26
   Stab: Confused          |       |       |     3 |     2 ||     5
         Sleeping          |       |       |       |     2 ||     2
         Invisible         |       |       |       |     1 ||     1
 Armour: Skin              |     2 |     1 |    12 |     3 ||    18
  Dodge: Dodged            |    30 |    33 |   142 |   121 ||   326
